 Dungeon Crawl Stone Soup version 0.29.0-11-gd7f09526c8 (webtiles) character file.

Game seed: 12313756368437255559

168 Rennog the Trooper (level 5, 0/37 HPs)
             Began as an Octopode Fighter on Sept 2, 2022.
             Was a High Priest of Ignis.
             Succumbed to an adder's poison
             ... on level 4 of the Dungeon.
             The game lasted 00:03:03 (2951 turns).

Rennog the Trooper (Octopode Fighter)               Turns: 2951, Time: 00:03:04

Health: 0/37       AC:  1    Str: 16    XL:     5   Next: 49%
Magic:  5/5        EV: 13    Int: 12    God:    Ignis [*****.]
Gold:   100        SH:  4    Dex: 11    Spells: 4/4 levels left

rFire   + . .      SeeInvis .   a - +0 trident
rCold   . . .      Faith    .   b - +0 buckler
rNeg    . . .      Spirit   .   (helmet restricted)
rPois   .          Reflect  .   (no amulet)
rElec   .          Harm     .   (no ring)
rCorr   .          Rampage  .   (no ring)
Will    .....                   (no ring)
Stlth   +++.......              (no ring)
HPRegen 0.12/turn               (no ring)
MPRegen 0.09/turn               (no ring)
                                (no ring)
                                (no ring)

@: brilliant, lethally poisoned (0 -> -1), attractive, flying, hasted,
invisible, very quick
A: almost no armour, amphibious, 8 rings, camouflage 1, gelatinous body 1,
(nimble swimmer 1), tentacles
a: Renounce Religion, Fiery Armour, Foxfire Swarm, Rising Flame


You were on level 4 of the Dungeon.
You worshipped Ignis.
Ignis was extremely pleased with you.
You visited 1 branch of the dungeon, and saw 4 of its levels.

You collected 100 gold pieces.

Inventory:

Hand Weapons
 a - a +0 trident (weapon)
Armour
 b - a +0 buckler (worn)
Jewellery
 j - a ring of poison resistance
Wands
 k - a wand of light (9)
Scrolls
 d - 2 scrolls of identify {unknown}
 h - a scroll of noise {unknown}
 l - a scroll of brand weapon {unknown}
 m - a scroll of teleportation {unknown}
 o - a scroll of poison {unknown}
 p - a scroll of fear {unknown}
 q - a scroll of immolation {unknown}
 t - a scroll of magic mapping {unknown}
Potions
 c - a potion of might
 e - 2 potions of brilliance
 s - a potion of degeneration {unknown}


   Skills:
 * Level 4.1 Fighting
 - Level 2.8 Polearms
 + Level 3.8 Dodging
 + Level 2.4 Stealth
 - Level 3.6 Shields


You had 4 spell levels left.
You didn't know any spells.
Your spell library contained the following spells:

 Spells                   Type           Power      Damage    Failure   Level
 Ozocubu's Armour         Ice            0%         N/A       78%         3
 Ozocubu's Refrigeration  Ice            0%         4d7       100%        7


Dungeon Overview and Level Annotations

Branches:
Dungeon (4/15)
 Temple: D:4-7

Altars:
Cheibriados
Ignis

Annotations:
D:4 Blork the orc, Sigmund


Innate Abilities, Weirdness & Mutations

You cannot wear most types of armour.
You are amphibious.
You can wear up to eight rings at the same time.
Your skin changes colour to match your surroundings (Stealth+).
Your rubbery body absorbs attacks. (AC +1, EV +1)
((You are camouflaged when in or above water. (Stealth+)))
You have tentacles for arms and can constrict up to eight enemies at once.


Message History

You completely miss the adder.
The orc shouts!
You grab the adder. You constrict the adder. The adder barely misses you.
You block the adder's attack.
You release your grip on the adder.
Blork the orc zaps a wand.
The bolt of light hits the orc!
The orc dies!
The bolt of light hits you! The adder bites you.
* * * LOW HITPOINT WARNING * * *
You block the adder's attack. The adder attacks as you move away!
The adder bites you.
* * * LOW HITPOINT WARNING * * *
You are poisoned.
The adder poisons you!
* * * LOW HITPOINT WARNING * * *
You feel sick.
It was a potion of brilliance.
You feel clever all of a sudden.
* * * LOW HITPOINT WARNING * * *
You feel sick. The adder closely misses you.
It was a potion of attraction.
You feel attractive to monsters.
* * * LOW HITPOINT WARNING * * *
You feel sick. You block the adder's attack. The adder bites you.
* * * LOW HITPOINT WARNING * * *
It was a potion of invisibility.
You fade into invisibility!
* * * LOW HITPOINT WARNING * * *
You feel sick. The adder closely misses you.
It was a potion of flight.
You feel very buoyant.
You fly up into the air.
* * * LOW HITPOINT WARNING * * *
You feel sick. The adder barely misses you.
It was a potion of haste.
You feel yourself speed up.
* * * LOW HITPOINT WARNING * * *
You feel sick. The adder closely misses you.
It was a potion of magic.
Magic courses through your body.
You die...

##.........# ##...##.###
###.###.# ..#.# #.#
#.#.# #.# #.#.# #.#
#.#.# #.#.# #.### #.#.#
#.#.###...#####.#.#
<#####......†...@So#.#.#
.........###...###o#.#.#
. ######.#)####.##
#.#.#.# o.. #.#..# #.#
#.#.#.#..... #.##.# #.#
#.o..ooo.... .. #.# #.#
###.#.#..... ## #.# #.#
#.#.# ... #.# #.# #.#.#
# #.# #.# #.#..


You could see 2 orc priests and an adder (unable to see you).

Vanquished Creatures
  A scorpion (D:3)
  5 adders
  A worm (D:3)
  2 dart slugs
  7 ball pythons
  3 endoplasms
  2 giant cockroaches
  5 goblins
  8 hobgoblins
  2 jackals (D:1)
  4 kobolds
  3 quokkas
  6 bats
  3 frilled lizards
  7 rats
59 creatures vanquished.

Vanquished Creatures (others)
  An orc (D:4)
1 creature vanquished.

Grand Total: 60 creatures vanquished

Notes
Turn   | Place    | Note
-------+----------+-------------------------------------------
     0 | D:1      | Rennog the Octopode Fighter began the quest for the Orb.
     0 | D:1      | Reached XP level 1. HP: 16/16 MP: 1/1
   310 | D:1      | Reached XP level 2. HP: 20/21 MP: 2/2
  1051 | D:2      | Reached XP level 3. HP: 22/26 MP: 3/3
  1592 | D:2      | Reached XP level 4. HP: 22/31 MP: 4/4
  1824 | D:2      | Found a faded altar of an unknown god.
  2114 | D:2      | Prayed at the altar of an unknown god.
  2114 | D:2      | Became a worshipper of Ignis, the Dying Flame
  2475 | D:3      | Reached skill level 1 in Stealth
  2703 | D:3      | Noticed a scorpion
  2707 | D:3      | Killed a scorpion
  2708 | D:3      | Reached skill level 4 in Fighting
  2708 | D:3      | Reached XP level 5. HP: 29/37 MP: 5/5
  2887 | D:4      | Found a snail-covered altar of Cheibriados.
  2923 | D:4      | Noticed Sigmund
  2935 | D:4      | Noticed Blork the orc
  2950 | D:4      | HP: 1/37 [poisoned by an adder]
  2951 | D:4      | Succumbed to an adder's poison

Illustrated notes

Levels and vault maps discovered:
D:1:      minmay_arrival_stair_chambers, layout_loops_corners, minivault_14
D:2:      layout_loops_ring, hellmonk_ecumenical_altar_inner_sanctum
D:3:      layout_loops_ring
D:4:      layout_loops_ring, mainiacjoe_overflow_six_doors_small, slow_altar_1,
          uniq_blork_the_orc, uniq_sigmund, uniq_menkaure

Skill      XL: |  1  2  3  4 |
---------------+-------------+-----
Stealth        | 2 |  2.4
Fighting       | 4 |  4.1
Polearms       | |  2.8
Dodging        | |  3.8
Shields        | |  3.6

Action                   |  1- 3 |  4- 6 || total
-------------------------+-------+-------++-------
Melee: Trident           |    53 |    60 ||   113
       Constrict         |    12 |     8 ||    20
       Tentacles         |     5 |     8 ||    13
       Punch             |     1 |     1 ||     2
  Use: Potion            |       |     6 ||     6
 Stab: Sleeping          |     9 |     8 ||    17
Armor: Skin              |     2 |     1 ||     3
Dodge: Dodged            |    13 |    16 ||    29
Block: Buckler           |     5 |     9 ||    14
